 Dungeon Crawl Stone Soup version 0.28-a0-10-g964c8b829e (webtiles) character file.

Game seed: 583696907027214133

144 freelancePsychic the Conjurer (level 5, -2/38 HPs)
             Began as a Mummy Conjurer on July 25, 2021.
             Slain by Edmund (4 damage)
             ... on level 4 of the Dungeon.
             The game lasted 00:07:30 (3776 turns).

freelancePsychic the Conjurer (Mummy Conjurer)      Turns: 3776, Time: 00:07:31

Health: -2/38      AC:  4    Str: 10    XL:     5   Next: 5%
Magic:  0/11       EV: 11    Int: 19    God:
Gold:   194        SH:  0    Dex: 10    Spells: 9/12 levels left

rFire   x . .      SeeInvis .   (no weapon)
rCold   + . .      Faith    .   (no shield)
rNeg    + + +      Spirit   .   a - +0 robe
rPois   ∞          Reflect  .   (no helmet)
rElec   .          Harm     .   (no cloak)
rCorr   .          Rampage  .   j - +1 pair of gloves
Will    .....                   (no boots)
Stlth   ++........              (no amulet)
HPRegen 0.12/turn               (no ring)
MPRegen 0.12/turn               (no ring)

@: no status effects
A: cold resistance 1, negative energy resistance 3, torment resistance 2, heat
vulnerability 1, no potions
a: no special abilities


You were on level 4 of the Dungeon.
You visited 1 branch of the dungeon, and saw 4 of its levels.

You collected 194 gold pieces.

Inventory:

Hand Weapons
 g - a +0 arbalest
Armour
 a - a +0 robe (worn)
 j - a +1 pair of gloves (worn)
Jewellery
 n - a +4 ring of evasion
Wands
 f - a wand of flame (4)
Scrolls
 b - 2 scrolls of noise
 c - a scroll of blinking {unknown}
 d - a scroll of fog {unknown}
 e - a scroll of fear
 h - a scroll of vulnerability {unknown}
 i - 2 scrolls of immolation {unknown}
 k - a scroll of enchant armour {unknown}
 l - a scroll of identify {@r1}
 m - a scroll of amnesia {unknown}


   Skills:
 + Level 2.2 Fighting
 - Level 1.5 Dodging
 - Level 1.5 Stealth
 - Level 4.0 Spellcasting
 + Level 4.3 Conjurations


You had 9 spell levels left.
You knew the following spells:

 Your Spells              Type           Power      Damage    Failure   Level
a - Magic Dart            Conj           80%        1d7       2%          1
b - Searing Ray           Conj           40%        3d4       3%          2

Your spell library contained the following spells:

 Spells                   Type           Power      Damage    Failure   Level
 Dazzling Flash           Conj/Hex       24%        N/A       17%         3
 Fulminant Prism          Conj/Hex       6%         3d7       50%         4
 Iskenderun's Mystic Bla  Conj/Tloc      12%        2d5       50%         4


Dungeon Overview and Level Annotations

Branches:
Dungeon (4/15)
 Temple: D:4-7

Altars:

Shops:
D:2 (

Annotations:
D:3 Sigmund
D:4 Edmund, Eustachio


Innate Abilities, Weirdness & Mutations

You are immune to poison.
Your flesh is cold resistant. (rC+)
You are immune to negative energy. (rN+++)
You are immune to unholy pain and torment.
You are vulnerable to heat. (rF-)
You do not drink.


Message History

Aim: Edmund, wielding a +0 vorpal dire flail and wearing a +0 leather armour (moderately wounded, 78% to hit)
The searing ray hits Edmund.
Edmund is heavily wounded. (Press . to maintain the ray.) Edmund closely misses you.
The searing ray hits Edmund!
Edmund is severely wounded.
Edmund barely misses you.
The searing ray misses Edmund.
Edmund completely misses you.
The searing ray hits Edmund.
Edmund is severely wounded.
You finish channeling your searing ray.
Edmund hits you with a +0 vorpal dire flail!
Edmund misses you.
Casting: Searing Ray (safe; 3% risk of failure)
Confirm with . or Enter, or press ? or * to list all spells.
Aiming: Searing Ray (safe; 3% risk of failure)
Press: ? - help, Shift-Dir - straight line, f/p - Edmund
Aim: Edmund, wielding a +0 vorpal dire flail and wearing a +0 leather armour (severely wounded, 78% to hit)
The searing ray hits Edmund!
Edmund is almost dead. (Press . to maintain the ray.) Edmund hits you with a +0 vorpal dire flail.
* * * LOW HITPOINT WARNING * * *
Edmund hits you but does no damage.
Found a stone staircase leading down.
There is a stone staircase leading down here.
Casting: Searing Ray (safe; 3% risk of failure)
Confirm with . or Enter, or press ? or * to list all spells.
Aiming: Searing Ray (safe; 3% risk of failure)
Press: ? - help, Shift-Dir - straight line, f/p - Edmund
Aim: Edmund, wielding a +0 vorpal dire flail and wearing a +0 leather armour (almost dead, 78% to hit)
The searing ray hits Edmund.
Edmund is almost dead. (Press . to maintain the ray.) Edmund barely misses you.
Edmund hits you but does no damage.
Edmund hits you with a +0 vorpal dire flail!
* * * LOW HITPOINT WARNING * * *
You die...

...........# ...........#
...........# ...........#
###############'###
#.........#.......#
#.........#.......#
#.........#.......#
...#...@@....#.....>.#
....########.##..##...#
########.....#.####.##..##...#
.......#.....#...........#...#
.......#.....#...........+...#
.......#.....#...........#...#
.......#.....#...........#...#
.......'.....+...........#...#
#'######.....##'###...####...#


You could see Edmund.

Vanquished Creatures
  An orc priest (D:3)
  4 gnolls (D:3)
  An adder (D:2)
  A worm (D:2)
  2 dart slugs
  2 orcs (D:3)
  2 endoplasms
  2 giant cockroaches
  2 hobgoblins (D:3)
  18 jackals
  5 kobolds
  2 quokkas (D:1)
  2 ball pythons
  2 bats (D:2)
  4 frilled lizards
  3 goblins
  4 rats (D:2)
57 creatures vanquished.

Notes
Turn   | Place    | Note
-------+----------+-------------------------------------------
     0 | D:1      | freelancePsychic the Mummy Conjurer began the quest for the
                  | Orb.
     0 | D:1      | Reached XP level 1. HP: 13/13 MP: 4/4
   404 | D:1      | Reached XP level 2. HP: 19/19 MP: 0/6
   564 | D:1      | Found a faded altar of an unknown god.
   870 | D:1      | Learned a level 2 spell: Searing Ray
  1821 | D:2      | Reached XP level 3. HP: 25/25 MP: 2/8
  2044 | D:2      | Found Ceuzov's Antique Weapon Boutique.
  3140 | D:3      | Noticed Sigmund
  3261 | D:3      | Reached skill level 1 in Fighting
  3261 | D:3      | Reached XP level 4. HP: 32/32 MP: 6/10
  3370 | D:3      | Reached XP level 5. HP: 33/38 MP: 5/11
  3679 | D:4      | Noticed Eustachio
  3748 | D:4      | Noticed Edmund
  3776 | D:4      | Slain by Edmund

Illustrated notes

Levels and vault maps discovered:
D:1:      dpeg_arrival_another_circle, layout_basic,
          ebering_ecumenical_altar_box
D:2:      layout_basic, serial_shops, shop_statue
D:3:      layout_loops_corners, mainiacjoe_overflow_six_doors_small,
          uniq_sigmund
D:4:      layout_gridville, uniq_robin, uniq_eustachio, uniq_menkaure,
          uniq_edmund

Skill      XL: |  1  2  3  4 |
---------------+-------------+-----
Spellcasting   | 3 4 |  4.0
Conjurations   | 4 |  4.3
Fighting       | 1 2 |  2.2
Dodging        | |  1.5
Stealth        | |  1.5

Action                   |  1- 3 |  4- 6 || total
-------------------------+-------+-------++-------
Melee: Unarmed           |    18 |       ||    18
 Cast: Magic Dart        |    53 |     2 ||    55
       Searing Ray       |    22 |    10 ||    32
  Use: Scroll            |     3 |       ||     3
Armor: Robe              |     6 |     3 ||     9
Dodge: Dodged            |    23 |     6 ||    29

Table legend: (Time is in decaauts)
 A = Elapsed time spent in this place.
 B = Non-inter-level travel time spent in this place.
 C = Inter-level travel time spent in this place.
 D = Time resting spent in this place.
 E = Time spent auto-exploring this place.
 F = Levels seen in this place.
 G = Mean time per level.
                   A        B        C        D        E       F      G
               +--------+--------+--------+--------+--------+-----+--------+
         Total |   3775 |   3665 |    110 |    531 |   2655 |   4 |  943.8 |
       Dungeon |   3775 |   3665 |    110 |    531 |   2655 |   4 |  943.8 |
               +--------+--------+--------+--------+--------+-----+--------+

Top non-repeatable levels by time:
     D:2: 1545 daAuts
     D:1: 1298 daAuts
     D:3: 791 daAuts
     D:4: 139 daAuts
